AoeStats
← mneubourg

Golden Pit

509187457Analyzed
1v1 RM · 7d ago on Sep 25, 2026· 42m 16s· 2 players
Game mode
Random Map
Map size
Tiny (2 player)
Population
200
Speed
Normal
Resources
Standard
Victory
Conquest
Starting age
Dark Age
Ending age
Imperial Age
RankedLock teamsTeams togetherTeam positionsShared explorationLock speedFull tech treeHidden civsTurbo modeCheats
Victory
Defeat
🇧🇪 Wu · Belgium
805
+15
🇨🇿 Italians · Czechia
777
-15
--- kili ---
11:55 Feudal Age
10:13 Loom
14:31 Double-Bit Axe
15:36 Fletching
22:43 Castle Age
25:02 Stone Mining
26:18 Wheelbarrow
25:28 Town Watch
26:05 Gold Mining
28:55 Ballistics
28:49 Forging
31:09 Hand Cart
30:55 Town Patrol
31:40 Bodkin Arrow
32:12 Man-at-Arms
32:51 Horse Collar
33:51 Crossbowman
35:19 Bow Saw
36:19 Long Swordsman
37:01 Long Swordsman
37:43 Squires
mneubourg
11:42 Feudal Age
13:25 Horse Collar
24:23 Castle Age
23:08 Fletching
24:31 Double-Bit Axe
29:52 Gold Mining
32:37 Scale Mail Armor
33:57 Forging
37:03 Heavy Plow
40:07 Gold Shaft Mining
40:27 Bodkin Arrow
Connection lost

Rejoining the realm…

Still unreachable

The connection could not be restored.

Session expired

The server has moved on; the page needs a fresh start.